 Dungeon Crawl Stone Soup version 0.27-a0-679-g77a6b55cf3 (webtiles) character file.

Game seed: 9404772965978871358

135 Dreamer the Insei (level 5, -6/33 HPs)
             Began as an Octopode Transmuter on Mar 19, 2021.
             Mangled by a gnoll
             ... wielding a +0 spear
              (10 damage)
             ... on level 3 of the Dungeon.
             The game lasted 00:06:15 (3155 turns).

Dreamer the Insei (Octopode Transmuter)             Turns: 3155, Time: 00:06:18

Health: -6/33      AC:  1    Str:  9    XL:     5   Next: 18%
Magic:  8/8        EV: 13    Int: 17    God:
Gold:   90         SH:  0    Dex: 12    Spells: 1/8 levels left

rFire    . . .     SeeInvis .     - Unarmed
rCold    . . .     Faith    .   (no shield)
rNeg     . . .     Spirit   .   (helmet currently unavailable)
rPois    .         Reflect  .   (no amulet)
rElec    .         Harm     .   (no ring)
rCorr    .         Rampage  .   (no ring)
Will     .....                  (no ring)
Stlth    +++.......             (no ring)
HPRegen  0.11/turn              (no ring)
MPRegen  0.11/turn              (no ring)
                                (no ring)
                                (no ring)

@: appendages
A: tentacle spike 3, almost no armour, amphibious, 8 rings, camouflage 1,
gelatinous body 1, nimble swimmer 1, tentacles
a: End Transformation


You were on level 3 of the Dungeon.
One of your tentacles had grown a beastly spike.
You visited 1 branch of the dungeon, and saw 3 of its levels.

You collected 90 gold pieces.

Inventory:

Scrolls
 a - 2 scrolls of magic mapping {unknown}
 b - 2 scrolls of amnesia {unknown}
 e - a scroll of teleportation {unknown}
 f - a scroll of identify {unknown}
 h - a scroll of enchant weapon {unknown}
Potions
 c - a potion of curing {unknown}
 d - a potion of flight {unknown}
 g - a potion of lignification {unknown}


   Skills:
 - Level 1.0 Fighting
 - Level 2.0 Dodging
 + Level 3.7 Stealth
 + Level 4.0 Unarmed Combat
 - Level 2.0 Spellcasting
 + Level 3.3 Transmutations


You had one spell level left.
You knew the following spells:

 Your Spells              Type           Power      Damage    Failure   Level
a - Beastly Appendage     Tmut           26%        N/A       4%          1
b - Blink                 Tloc           N/A        N/A       28%         2
c - Ice Form              Ice/Tmut       7%         N/A       67%         4

Your spell library contained the following spells:

 Spells                   Type           Power      Damage    Failure   Level
 Magic Dart               Conj           4%         1d3       19%         1
 Wereblood                Tmut           13%        N/A       8%          2
 Call Imp                 Summ           1%         N/A       28%         2
 Slow                     Hex            1%         N/A       28%         2
 Spider Form              Tmut/Pois      3%         N/A       28%         3
 Conjure Flame            Conj/Fire      1%         6-21      50%         3
 Mephitic Cloud           Conj/Pois/Air  1%         N/A       50%         3
 Blade Hands              Tmut           6%         N/A       80%         5


Dungeon Overview and Level Annotations

Branches:
Dungeon (3/15)

Altars:
Trog
The Shining One


Innate Abilities, Weirdness & Mutations

One of your tentacles has grown a beastly spike.
You cannot wear most types of armour.
You are amphibious.
You can wear up to eight rings at the same time.
Your skin changes colour to match your surroundings (Stealth+).
Your rubbery body absorbs attacks. (AC +1, EV +1)
You are stealthy while swimming. (Stealth+)
You have tentacles for arms and can constrict up to eight enemies at once.


Message History

The gnoll is heavily wounded.
You constrict the gnoll. The gnoll barely misses you.
You tentacle-slap the gnoll but do no damage.
You squeeze the gnoll.
You kill the gnoll!
You see here a +0 spear.
Your transformation is almost over.
A gnoll is nearby!
A gnoll comes into view. It is wielding a +0 halberd.
Your tentacle spike disappears.
You see here a +0 spear.
An adder comes into view.
The adder hisses angrily.
You hear a shout!
One of your tentacles grows a vicious spike.
A rat comes into view.
The gnoll misses you.
You tentacle-slap the gnoll but do no damage.
You grab the gnoll.
You pierce the gnoll.
You squeeze the gnoll.
The gnoll is severely wounded.
You constrict the gnoll, but do no damage.
The gnoll barely misses you.
The gnoll shouts!
You tentacle-slap the gnoll but do no damage.
You pierce the gnoll.
The gnoll is almost dead.
You constrict the gnoll, but do no damage.
The gnoll hits you with a +0 halberd!
You tentacle-slap the gnoll.
You kill the gnoll!
The gnoll closely misses you. The adder bites you.
The gnoll hits you from afar with a +0 spear!
* * * LOW HITPOINT WARNING * * *
The adder misses you.
You open the door.
An ooze comes into view.
The ooze quivers.
The adder bites you.
* * * LOW HITPOINT WARNING * * *
The gnoll hits you from afar with a +0 spear!
You die...

#.###.## #.. ..
...########.##...# #.# #.
......r...)).....# #.# #.
...#######...#...###.######.
#..r..#..........##.
##...#######.###.##. ##g##
#.# #.##. #S# #.###.##. #@#
#........ #'# #####.### ...
#.# ..... ####.## .......
##.##..#
.........####...##.##
+.........+...........
#.......J.####...##.##
##.###.##


You could see a gnoll, an ooze, an adder and a rat.

Vanquished Creatures
  A centaur zombie (D:2)
  2 gnolls (D:3)
  2 adders (D:3)
  2 oozes (D:2)
  A worm (D:3)
  2 dart slugs
  A leopard gecko (D:1)
  3 orcs (D:3)
  A giant cockroach (D:1)
  7 goblins
  5 hobgoblins
  3 kobolds
  A quokka (D:1)
  6 bats
  5 frilled lizards
  5 rats
47 creatures vanquished.

Notes
Turn   | Place    | Note
-------+----------+-------------------------------------------
     0 | D:1      | Dreamer the Octopode Transmuter began the quest for the
                  | Orb.
     0 | D:1      | Reached XP level 1. HP: 13/13 MP: 3/3
   272 | D:1      | Reached skill level 1 in Stealth
   289 | D:1      | Reached XP level 2. HP: 18/18 MP: 5/5
   424 | D:1      | Learned a level 2 spell: Blink
  1184 | D:2      | Reached XP level 3. HP: 18/23 MP: 6/6
  1747 | D:2      | Found a bloodstained altar of Trog.
  2215 | D:2      | Reached XP level 4. HP: 28/28 MP: 5/7
  2220 | D:2      | Learned a level 4 spell: Ice Form
  2598 | D:3      | Found a glowing golden altar of the Shining One.
  3009 | D:3      | Reached skill level 4 in Unarmed Combat
  3009 | D:3      | Reached XP level 5. HP: 33/33 MP: 6/8
  3155 | D:3      | Mangled by a gnoll

Illustrated notes

Levels and vault maps discovered:
D:1:      dpeg_arrival_subterranean_lakeside_camping, layout_basic
D:2:      layout_loops_corners, trog_book
D:3:      layout_loops_corners, tso_metal_star, uniq_crazy_yiuf_cottage

Skill      XL: |  1  2  3  4 |
---------------+-------------+-----
Stealth        | 1 2 3 |  3.7
Transmutations | 3 |  3.3
Unarmed Combat | 4 |  4.0
Fighting       | |  1.0
Dodging        | |  2.0
Spellcasting   | |  2.0

Action                   |  1- 3 |  4- 6 || total
-------------------------+-------+-------++-------
Melee: Unarmed           |    89 |    37 ||   126
       Constrict         |    19 |    10 ||    29
       Tentacles         |    16 |     5 ||    21
       Kick              |     6 |     3 ||     9
       Punch             |       |     1 ||     1
 Cast: Beastly Appendage |     2 |     6 ||     8
 Stab: Sleeping          |     9 |     7 ||    16
Armor: Skin              |     5 |     2 ||     7
Dodge: Dodged            |    38 |    25 ||    63

Table legend: (Time is in decaauts)
 A = Elapsed time spent in this place.
 B = Non-inter-level travel time spent in this place.
 C = Inter-level travel time spent in this place.
 D = Time resting spent in this place.
 E = Time spent auto-exploring this place.
 F = Levels seen in this place.
 G = Mean time per level.
                   A        B        C        D        E       F      G
               +--------+--------+--------+--------+--------+-----+--------+
         Total |   3147 |   3093 |     54 |      0 |   2626 |   3 | 1049.0 |
       Dungeon |   3147 |   3093 |     54 |      0 |   2626 |   3 | 1049.0 |
               +--------+--------+--------+--------+--------+-----+--------+

Top non-repeatable levels by time:
     D:2: 1422 daAuts
     D:1: 1105 daAuts
     D:3: 620 daAuts
